 Dungeon Crawl Stone Soup version 0.23-a0-629-gae4348f (webtiles) character file.

4 wazuzu the Charmwright (level 1, 0/11 HPs)
             Began as a Vine Stalker Skald on Dec 25, 2018.
             Slain by a leopard gecko (4 damage)
             ... on level 1 of the Dungeon.
             The game lasted 00:00:43 (351 turns).

wazuzu the Charmwright (Vine Stalker Skald)          Turns: 351, Time: 00:00:43

Health: 0/11       AC:  3    Str: 13    XL:     1   Next: 70%
Magic:  0/4        EV: 11    Int: 13    God:
Gold:   16         SH:  0    Dex: 13    Spells: 3/4 levels left

rFire    . . .     SeeInvis .   a - +0 mace
rCold    . . .     Gourm    .   (no shield)
rNeg     . . .     Faith    .   b - +0 leather armour
rPois    .         Spirit   +   (no helmet)
rElec    .         Reflect  .   (no cloak)
rCorr    .         Harm     .   (no gloves)
MR       .....                  (no boots)
Stlth    +.........             (no amulet)
HPRegen  0.03/turn              (no ring)
MPRegen  0.09/turn              (no ring)

@: no status effects
A: fangs 2, magic shield, antimagic bite, no potion heal 3, rot immunity
a: no special abilities


You were on level 1 of the Dungeon.
You were not hungry.

You visited 1 branch of the dungeon, and saw 1 of its levels.

You collected 16 gold pieces.

Inventory:

Hand Weapons
 a - a +0 mace (weapon)
Missiles
 e - 25 stones (quivered)
Armour
 b - a +0 leather armour (worn)
Potions
 c - 2 potions of mutation {unknown}
Comestibles
 d - 2 rations


   Skills:
 - Level 1.7 Fighting
 + Level 1.9 Maces & Flails
 - Level 0.7 Armour
 - Level 1.5 Dodging
 * Level 1.3 Stealth
 - Level 2.1 Spellcasting
 - Level 3.0 Charms


You had 3 spell levels left.
You knew the following spells:

 Your Spells              Type           Power        Failure   Level  Hunger
a - Infusion              Chrm           #...         10%         1    ##.....

Your spell library contained the following spells:

 Spells                   Type           Power        Failure   Level  Hunger
 Song of Slaying          Chrm           #.......     14%         2    ###....
 Shroud of Golubria       Chrm/Tloc      #.........   26%         2    ###....
 Regeneration             Chrm/Necr      #.........   45%         3    ####...
 Spectral Weapon          Hex/Chrm       #.......     45%         3    ####...


Dungeon Overview and Level Annotations

Branches:
Dungeon (1/15)

Altars:


Innate Abilities, Weirdness & Mutations

You have extremely sharp teeth.
When hurt, damage is shared between your health and your magic reserves.
Your bite disrupts and absorbs the magic of your enemies.
Potions cannot restore your health.
You are immune to rotting.


Message History

You see here 25 stones!
e - 25 stones
c - 2 sedimented inky potions (gained 1)
You open the door!
A frilled lizard and a leopard gecko come into view!
The leopard gecko hisses angrily!
Found a robe!
There is an open door here!
There are monsters nearby!!!
There are monsters nearby!!!
The frilled lizard hisses angrily!
You closely miss the leopard gecko! The leopard gecko bites you! x2
You are too injured to fight recklessly!!!
You are too injured to fight recklessly!!!
There is an open door here!
The leopard gecko barely misses you!
You miss the leopard gecko! The leopard gecko bites you!
You beat the leopard gecko but do no damage!
The leopard gecko bites you! x2 rip

..### ... #.#
..#.#
....#####.###
....#
....l.......#
..#.#
.......?....###.#
#.#.#
#............#
#.#.# #....l.$..##
#.#.# ######'##.#
..#.# #l#
....##### #@#
.#......# #.#
.#......########.#
.................#
.##.##...........#
.##.##...........#
###.##..........>#
#..########...##
##.## ###...###


You could see a leopard gecko and a frilled lizard.

Vanquished Creatures
  A goblin (D:1)
  A kobold (D:1)
  2 bats (D:1)
  A frilled lizard (D:1)
5 creatures vanquished.

Notes
Turn   | Place    | Note
-------+----------+-------------------------------------------
     0 | D:1      | wazuzu the Vine Stalker Skald began the quest for the Orb.
     0 | D:1      | Reached XP level 1. HP: 11/11 MP: 4/4
    51 | D:1      | Reached skill level 1 in Stealth
   351 | D:1      | Slain by a leopard gecko

Vault maps used:
D:1:      ebering_hopf_link, st_stairs_11

Skill      XL: |  1 |
---------------+----+-----
Stealth        | 1 |  1.3
Fighting       | |  1.7
Maces & Flails | |  1.9
Armour         | |  0.7
Dodging        | |  1.5
Spellcasting   | |  2.1
Charms         | |  3.0

Action                   || total
-------------------------++-------
Melee: Mace              ||    18
       Bite              ||     4
Armor: Leather armour    ||     2
Dodge: Dodged            ||    10

Table legend:
 A = Non-vault XP
 B = Vault XP
 C = Vault XP percentage of total XP
 D = Non-vault monster count
 E = Vault monster count
 F = Vault count percentage of total count
                 A         B        C        D         E       F
            +---------+---------+-------+---------+---------+-------
      Total |       7 |       0 |   0.0 |       5 |       0 |   0.0
            +---------+---------+-------+---------+---------+-------
        D:1 |       7 |       0 |   0.0 |       5 |       0 |   0.0
            +---------+---------+-------+---------+---------+-------
